 Dungeon Crawl Stone Soup version 0.27-a0-488-g88baaf19db (webtiles) character file.

Game seed: 15835222332835808677

322 Dirtsage the Slasher (level 6, -11/49 HPs)
             Began as a Demonspawn Gladiator on Mar 1, 2021.
             Was an Initiate of Okawaru.
             Killed by nerve-wracking pain
             ... invoked by Grinder
              (13 damage)
             ... on level 3 of the Dungeon.
             The game lasted 00:11:40 (3812 turns).

Dirtsage the Slasher (Demonspawn Gladiator)         Turns: 3812, Time: 00:11:41

Health: -11/49     AC:  4    Str: 16    XL:     6   Next: 22%
Magic:  6/6        EV: 12    Int: 10    God:    Okawaru [......]
Gold:   176        SH:  4    Dex: 14    Spells: 5/5 levels left

rFire    . . .     SeeInvis .   a - +0 long sword
rCold    . . .     Faith    .   (no shield)
rNeg     . . .     Spirit   .   b - +0 leather armour
rPois    +         Reflect  .   p - +1 hat
rElec    .         Harm     .   (no cloak)
rCorr    .         Rampage  .   (no gloves)
Will     .....                  (no boots)
Stlth    +.........             (no amulet)
HPRegen  0.16/turn              P - ring of poison resistance
MPRegen  0.10/turn              (no ring)

@: no status effects
A: horns 1, powered by death 1, condensation shield
a: Renounce Religion


You were on level 3 of the Dungeon.
You worshipped Okawaru.
Okawaru was noncommittal.
You visited 1 branch of the dungeon, and saw 4 of its levels.

You collected 176 gold pieces.


Innate Abilities, Weirdness & Mutations

You have a pair of small horns on your head.
You regenerate a little health from kills.
A meltable shield of frost defends you. (SH +4)


   Skills:
 + Level 4.5 Fighting
 * Level 5.2 Long Blades
 - Level 1.7 Throwing
 - Level 2.6 Dodging


You had 5 spell levels left.
You didn't know any spells.
Your spell library was empty.

Inventory:

Hand Weapons
 a - a +0 long sword (weapon)
Missiles
 d - 3 throwing nets (quivered) {=f}
 n - 8 javelins
Armour
 b - a +0 leather armour (worn)
 c - a +0 helmet
 k - a +0 chain mail
 p - a +1 hat (worn)
Jewellery
 P - a ring of poison resistance (left hand)
Wands
 t - a wand of acid (8)
Scrolls
 e - 2 scrolls of enchant armour {unknown}
 f - 4 scrolls of teleportation {unknown}
 g - 2 scrolls of immolation {unknown}
 o - a scroll of enchant weapon {unknown}
 q - 3 scrolls of blinking {unknown}
 r - a scroll of magic mapping {unknown}
Potions
 h - a potion of lignification {unknown}
 i - a potion of invisibility {unknown}
 j - 2 potions of brilliance {unknown}
 l - a potion of heal wounds {unknown}
 m - a potion of haste {unknown}
 s - a potion of cancellation {unknown}
 u - a potion of flight {unknown}
 v - 2 potions of degeneration {unknown}

Dungeon Overview and Level Annotations

Branches:
Dungeon (4/15)
 Temple: D:4-7

Altars:
Ashenzari
Gozag
Okawaru
Zin

Annotations:
D:3 3 runed translucent doors, Grinder; racehazard's ghost, amateur HOFi
D:4 2 transporters, diceflayer's ghost, amateur MiBe

##########.)..# #.######
#........#...######......#
▒▒###........#))..........##.#
.▒.##........#.##.#####...##.#
Z▒................## #...##.#
W+..######.....#...# #.<.##.#
Z+..# #.....#.#.## #.#.##.#
Z+.## #(....#5#..# #.#.##.#
Z▒.# #.....#@##.###.#....#
.▒.# #.....#.##..##.######
▒▒## #.....#.###.##.#
#.....#.# #.##.# #.....#.#
#..#o# #.[...#.# ##.#.#
#.....#.####.#.######
#######.............#
#######..####.#


You could see Grinder.


Message History

You barely miss Grinder. Your headbutt misses Grinder.
Grinder is moderately wounded.
Grinder gestures at you. You resist with significant effort.
You closely miss Grinder. Your headbutt misses Grinder.
Grinder is moderately wounded.
Grinder gestures at you.
You suddenly lose the ability to move!
Grinder gestures at you. Pain shoots through your body!
* * * LOW HITPOINT WARNING * * *
Grinder gestures at you. Pain shoots through your body!
* * * LOW HITPOINT WARNING * * *
You can move again.
Unknown command.
Unknown command.
You hit Grinder but do no damage.
Grinder is moderately wounded.
Grinder says, "I used to sell toenails on the black market."
Grinder blinks!
You closely miss Grinder. You headbutt Grinder.
Grinder is moderately wounded.
Grinder hits you.
* * * LOW HITPOINT WARNING * * *
You writhe in agony.
* * * LOW HITPOINT WARNING * * *
Grinder gestures at you. Pain shoots through your body!
You die...

Skill      XL: |  1  2  3  4  5 |
---------------+----------------+-----
Fighting       | 3 4 |  4.5
Long Blades    | 3 4 5 |  5.2
Throwing       | |  1.7
Dodging        | |  2.6

Action                   |  1- 3 |  4- 6 || total
-------------------------+-------+-------++-------
Melee: Long sword        |    83 |   153 ||   236
       Headbutt          |     8 |    29 ||    37
 Stab: Sleeping          |     1 |       ||     1
Armor: Leather armour    |    24 |    35 ||    59
Dodge: Dodged            |    70 |    73 ||   143
Block: Other             |       |    27 ||    27
       Rpst.: Long sword |    27 |    19 ||    46

Levels and vault maps discovered:
D:1:      ncdulo_smallfort, layout_basic
D:2:      layout_loops_ring, gammafunk_temple_overflow_forgotten,
          minmay_close_crescents
D:3:      wad_pebble_path, layout_basic, portal_sewer_entry_b,
          gammafunk_ghost_necromancy, grunt_gozag_breadcrumbs, uniq_grinder
D:4:      layout_basic, gammafunk_ghost_arena, lexackson_kobold_supper

Notes
Turn   | Place    | Note
-------+----------+-------------------------------------------
     0 | D:1      | Dirtsage the Demonspawn Gladiator began the quest for the
                  | Orb.
     0 | D:1      | Reached XP level 1. HP: 16/16 MP: 1/1
   421 | D:1      | Gained mutation: You have a pair of small horns on your
                  | head. [demonic ancestry]
   421 | D:1      | Reached XP level 2. HP: 20/23 MP: 2/2
   615 | D:1      | Reached skill level 3 in Fighting
  1449 | D:2      | Gained mutation: You regenerate a little health from kills.
                  | [demonic ancestry]
  1449 | D:2      | Reached XP level 3. HP: 24/29 MP: 3/3
  1489 | D:2      | Reached skill level 3 in Long Blades
  1777 | D:2      | Found a broken altar of Ashenzari.
  1778 | D:2      | Found a glowing silver altar of Zin.
  1778 | D:2      | Found an iron altar of Okawaru.
  1783 | D:2      | Gained mutation: A meltable shield of frost defends you.
                  | (SH +4) [demonic ancestry]
  1783 | D:2      | Reached XP level 4. HP: 35/35 MP: 4/4
  1981 | D:2      | Became a worshipper of Warmaster Okawaru
  2205 | D:3      | Noticed Grinder
  2220 | D:3      | Paralysed by Grinder for 4 turns
  2313 | D:3      | Paralysed by Grinder for 5 turns
  2352 | D:4      | Reached skill level 4 in Long Blades
  2874 | D:4      | Found a transporter.
  2875 | D:4      | Found a transporter.
  2875 | D:4      | Noticed diceflayer's ghost (amateur MiBe)
  2902 | D:4      | Reached skill level 4 in Fighting
  2902 | D:4      | Reached XP level 5. HP: 32/42 MP: 5/5
  2989 | D:4      | Noticed an orc warrior
  3130 | D:3      | Found a runed translucent gate.
  3130 | D:3      | Found a runed translucent gate.
  3133 | D:3      | Found a runed translucent gate.
  3135 | D:3      | Noticed racehazard's ghost (amateur HOFi)
  3391 | D:3      | Found an opulent altar of Gozag.
  3429 | D:3      | Noticed a phantom
  3446 | D:3      | Killed a phantom
  3447 | D:3      | Reached skill level 5 in Long Blades
  3447 | D:3      | Reached XP level 6. HP: 33/49 MP: 6/6
  3808 | D:3      | Paralysed by Grinder for 3 turns
  3812 | D:3      | HP: 2/49 [Grinder (5)]
  3812 | D:3      | Killed from afar by Grinder

Vanquished Creatures
  A phantom (D:3)
  A scorpion (D:4)
  An orc wizard (D:3)
  A worker ant (D:4)
  A hound skeleton (D:4)
  5 adders
  An ooze (D:2)
  2 worms
  3 leopard geckos
  5 orcs
  4 giant cockroaches
  10 goblins
  8 hobgoblins
  4 jackals (D:2)
  6 kobolds
  3 ball pythons (D:3)
  8 bats
  2 frilled lizards
  13 rats
79 creatures vanquished.

Table legend: (Time is in decaauts)
 A = Elapsed time spent in this place.
 B = Non-inter-level travel time spent in this place.
 C = Inter-level travel time spent in this place.
 D = Time resting spent in this place.
 E = Time spent auto-exploring this place.
 F = Levels seen in this place.
 G = Mean time per level.
                   A        B        C        D        E       F      G
               +--------+--------+--------+--------+--------+-----+--------+
         Total |   3861 |   3743 |    118 |    686 |   2255 |   4 |  965.2 |
       Dungeon |   3861 |   3743 |    118 |    686 |   2255 |   4 |  965.2 |
               +--------+--------+--------+--------+--------+-----+--------+

Top non-repeatable levels by time:
     D:1: 1365 daAuts
     D:3: 1012 daAuts
     D:2: 817 daAuts
     D:4: 665 daAuts

Table legend:
 A = Non-vault XP
 B = Vault XP
 C = Vault XP percentage of total XP
 D = Non-vault monster count
 E = Vault monster count
 F = Vault count percentage of total count
                 A         B        C        D         E       F
            +---------+---------+-------+---------+---------+-------
      Total |     412 |      49 |  10.6 |      65 |      14 |  17.7
            +---------+---------+-------+---------+---------+-------
        D:1 |      27 |       0 |   0.0 |      16 |       0 |   0.0
        D:2 |      71 |      28 |  28.3 |      22 |       7 |  24.1
        D:3 |     182 |      21 |  10.3 |      22 |       7 |  24.1
        D:4 |     132 |       0 |   0.0 |       5 |       0 |   0.0
            +---------+---------+-------+---------+---------+-------
